 Dungeon Crawl Stone Soup version 0.30-b1-2-g02819fbbbe (webtiles) character file.

Game seed: 9201360054606100604

3563 Barriton the Destroyer (level 9, -1/68 HPs)
             Began as a Grey Draconian Conjurer on May 9, 2023.
             Slain by a boulder beetle (8 damage)
             ... on level 8 of the Dungeon.
             The game lasted 00:14:54 (10793 turns).

Barriton the Destroyer (Grey Draconian Conjurer)   Turns: 10793, Time: 00:14:54

Health: -1/68      AC: 13    Str:  9    XL:     9   Next: 83%
Magic:  20/29      EV: 13    Int: 24    God:
Gold:   340        SH:  0    Dex:  9    Spells: 20/23 levels left

rFire   . .          .
                       - Unarmed
rCold   . . .        (no shield)
rNeg    . . .        (body armour unavailable)
rPois   .            (helmet restricted)
rElec   .            (no cloak)
rCorr   .            l - +0 pair of gloves
SInv    .            (no boots)
Will    .....        (no amulet)
Stlth   ++           q - ring of magical power
HPRegen 0.31/turn    i - ring of wizardry
MPRegen 0.21/turn

%: wizardry (x1)
@: no status effects
A: AC +12, amphibious, unfitting armour, cold-blooded, subdued magic 1
a: no special abilities


You were on level 8 of the Dungeon.
You visited 1 branch of the dungeon, and saw 8 of its levels.

You collected 340 gold pieces.

Inventory:

Hand Weapons
 r - a +0 quarterstaff
Armour
 l - a +0 pair of gloves (worn)
Jewellery
 b - a +5 ring of evasion
 i - a ring of wizardry (right hand)
 q - a ring of magical power (left hand)
Scrolls
 d - a scroll of fear
 h - a scroll of blinking
 m - 2 scrolls of teleportation
 s - a scroll of amnesia
Potions
 a - a potion of experience {unknown}
 c - 2 potions of curing
 e - 3 potions of flight
 f - 2 potions of haste
 g - 3 potions of lignification
 j - 2 potions of degeneration
 k - a potion of heal wounds
 o - a potion of invisibility {unknown}
 p - 3 potions of resistance
 t - a potion of brilliance {unknown}


   Skills:
 + Level 2.4 Fighting
 + Level 5.7 Dodging
 + Level 4.3 Stealth
 + Level 3.3 Unarmed Combat
 + Level 7.8 Spellcasting
 + Level 8.8 Conjurations


You had 20 spell levels left.
You knew the following spells:

 Your Spells              Type           Power      Damage    Failure   Level
a - Magic Dart            Conj           100%       1d8       1%          1
b - Searing Ray           Conj           78%        2d7       1%          2

Your spell library contained the following spells:

 Spells                   Type           Power      Damage    Failure   Level
 Dazzling Flash           Conj/Hex       46%        N/A       1%          3
 Blink                    Tloc           14%        N/A       3%          2
 Fulminant Prism          Conj/Hex       11%        3d8       3%          4
 Iskenderun's Mystic Bla  Conj/Tloc      23%        2d6       3%          4
 Animate Dead             Necr           7%         N/A       22%         4
 Manifold Assault         Tloc           7%         N/A       22%         4
 Haunt                    Necr/Summ      3%         N/A       100%        7
 Storm Form               Tmut/Air       3%         N/A       100%        7
 Infestation              Necr           3%         N/A       100%        8


Dungeon Overview and Level Annotations

Branches:
Dungeon (8/15)             Temple (0/1) D:7
   Lair: D:8-11

Altars:
Ashenzari
Dithmenos
Fedhas
Nemelex Xobeh
Sif Muna
Wu Jian
Yredelemnul
Zin

Shops:
D:1 [

Annotations:
D:6 3 runed translucent doors, Subbak's ghost, novice MfSu; zkyp's ghost, novice TeEn


Innate Abilities, Weirdness & Mutations

Your dull iron-grey scales are very hard. (AC +12)
You are amphibious.
You cannot fit into any form of body armour.
You are cold-blooded and may be slowed by cold attacks.
Your spells are a little easier to cast, but a little less powerful.


Message History

The centaur zombie is severely damaged.
The boulder beetle misses you.
The searing ray hits the boulder beetle.
The boulder beetle is lightly wounded.
The searing ray hits the centaur zombie!
The centaur zombie is almost destroyed.
You finish channelling your searing ray.
The boulder beetle completely misses you.
The boulder beetle misses you.
Casting: Searing Ray (safe; 1% risk of failure)
Confirm with . or Enter, or press ? or * to list all spells.
Aiming: Searing Ray (safe; 1% risk of failure)
Press: ? - help, Shift-Dir - straight line, f/p - centaur zombie
Aim: a centaur zombie (almost destroyed, 100% to hit)
The searing ray hits the boulder beetle but does no damage.
The boulder beetle is lightly wounded.
The searing ray hits something.
The searing ray hits the centaur zombie!
You destroy the centaur zombie! (Press . to maintain the ray.)
The boulder beetle bites you.
* * * LOW HITPOINT WARNING * * *
The searing ray hits the boulder beetle but does no damage.
The boulder beetle is lightly wounded.
The searing ray hits something.
The boulder beetle bites you.
* * * LOW HITPOINT WARNING * * *
The searing ray hits the boulder beetle but does no damage.
The boulder beetle is lightly wounded.
The searing ray hits something.
Reactivating autopickup.
You feel a bit more experienced. The boulder beetle bites you!
* * * LOW HITPOINT WARNING * * *
The searing ray hits the boulder beetle!
The boulder beetle is moderately wounded.
You finish channelling your searing ray.
The boulder beetle barely misses you.
A steam dragon comes into view.
The boulder beetle attacks as you move away!
The boulder beetle bites you!
You die...

#§§§~~P..
#§§§§...........
§§.§§P..........
#.....#.##...... ##P
#....##.......... ....
........<.......# ....
...#......!.....####..#
#................#....#
#...##.#........@.....#
[.#.#.........#.#B#...#
##..[<.?)[...####.# ..D
###)..#......z.#)# .
#####.#.....°#.#
##.....°...#
###..P.8.......#
#........###...##
#.........# !..#


You could see a boulder beetle and a steam dragon (asleep).

Vanquished Creatures
  Sigmund (D:2)
  The ghost of Raspi the Chopper, an amateur MiFi (D:4)
  Menkaure (D:4)
  2 water moccasins
  3 orc warriors
  A hornet zombie (D:8)
  An ice beast (D:5)
  An ogre (D:5)
  3 black bears (D:5)
  A centaur (D:4)
  A kobold brigand (D:6)
  2 phantoms
  A bullfrog (D:7)
  A gnoll sergeant (D:6)
  3 scorpions
  2 wights (D:8)
  3 howler monkeys
  3 centaur zombies
  4 hounds
  6 orc priests
  A gnoll bouda (D:5)
  2 jellies
  A sleepcap (D:5)
  3 iguanas
  8 orc wizards
  A hound zombie (D:4)
  13 adders
  16 gnolls
  3 white imps
  A dart slug (D:1)
  46 orcs
  7 bats
  9 endoplasms
  4 giant cockroaches
  9 goblins
  9 hobgoblins
  6 jackals
  4 quokkas
  11 ball pythons
  4 frilled lizards
  12 kobolds
  23 rats
234 creatures vanquished.

Vanquished Creatures (others)
  5 fungi (D:5)
  A plant (D:1)
  9 withered plants
15 creatures vanquished.

Grand Total: 249 creatures vanquished

Notes
Turn   | Place    | Note
-------+----------+-------------------------------------------
     0 | D:1      | Barriton the Draconian Conjurer began the quest for the
                  | Orb.
     0 | D:1      | Reached XP level 1. HP: 14/14 MP: 3/3
   339 | D:1      | Reached XP level 2. HP: 20/20 MP: 1/5
   882 | D:1      | Found Wynnubol's Antique Armour Shoppe.
  1044 | D:1      | Found a faded altar of an unknown god.
  1068 | D:1      | Reached XP level 3. HP: 26/26 MP: 4/6
  1305 | D:2      | Noticed Sigmund
  1329 | D:1      | Learned a level 2 spell: Searing Ray
  1389 | D:2      | Killed Sigmund
  1390 | D:2      | Reached skill level 5 in Conjurations
  1390 | D:2      | Reached XP level 4. HP: 29/33 MP: 0/8
  1390 | D:2      | Reached XP level 5. HP: 34/38 MP: 0/9
  2632 | D:2      | Reached XP level 6. HP: 45/45 MP: 6/10
  3139 | D:3      | Found a blossoming altar of Fedhas.
  3217 | D:3      | Reached skill level 6 in Conjurations
  3558 | D:3      | Gained mutation: Your spells are a little easier to cast,
                  | but a little less powerful. [potion of mutation]
  3856 | D:4      | Your scales start taking on a dull iron-grey colour.
  3856 | D:4      | Reached XP level 7. HP: 51/51 MP: 9/13
  4034 | D:4      | Reached skill level 1 in Unarmed Combat
  4698 | D:4      | Noticed Menkaure
  4704 | D:4      | Killed Menkaure
  4827 | D:4      | Found a runed translucent gate.
  4827 | D:4      | Noticed Raspi's ghost (amateur MiFi)
  4828 | D:4      | Found a runed translucent gate.
  4828 | D:4      | Found a runed translucent gate.
  4830 | D:4      | Found a basalt altar of Yredelemnul.
  5645 | D:4      | Killed Raspi's ghost
  5646 | D:4      | Reached skill level 1 in Fighting
  5646 | D:4      | Reached skill level 5 in Spellcasting
  5646 | D:4      | Reached XP level 8. HP: 11/59 MP: 12/15
  5854 | D:5      | Entered Level 5 of the Dungeon
  6024 | D:5      | Reached skill level 7 in Conjurations
  6100 | D:5      | Found a shimmering blue altar of Sif Muna.
  6100 | D:5      | Found a glowing silver altar of Zin.
  6673 | D:5      | Reached skill level 5 in Dodging
  6802 | D:5      | Found a sparkling altar of Nemelex Xobeh.
  7322 | D:5      | Found a shadowy altar of Dithmenos.
  7490 | D:5      | Reached XP level 9. HP: 67/67 MP: 10/18
  7955 | D:6      | HP: 3/67 [poisoned by a gnoll]
  8486 | D:6      | Reached skill level 8 in Conjurations
  8604 | D:6      | Found a broken altar of Ashenzari.
  8984 | D:6      | Found a runed translucent gate.
  8985 | D:6      | Found a runed translucent gate.
  8985 | D:6      | Found a runed translucent gate.
  8986 | D:6      | Noticed Subbak's ghost (novice MfSu)
  8986 | D:6      | Noticed zkyp's ghost (novice TeEn)
 10192 | D:7      | Found an ornate altar of the Wu Jian Council.
 10312 | D:7      | Found a staircase to the Ecumenical Temple.
 10605 | D:8      | Noticed a boulder beetle
 10793 | D:8      | Slain by a boulder beetle

Illustrated notes

Levels and vault maps discovered:
D:1:      nzn_arrival_crosshair, layout_loops_ring, serial_shops,
          nicolae_shop_overgrown_old_shop, dilly_ecumenical_altar_fadedgnrine
D:2:      layout_basic, minivault_11, kennysheep_cross_room, hex_tiny,
          minmay_ruptured, uniq_sigmund
D:3:      layout_basic, fedhas_altar_2, st_stairs_2, columned_hall_lemuel
D:4:      minmay_razor_zed, layout_loops_ring, nicolae_yredelemnul_ghost_church,
          dk_noncrumbling_2, minmay_rat_hole, uniq_menkaure
D:5:      layout_basic, nemelex_altar_shiori, mainiacjoe_overflow_catwalk,
          mainiacjoe_overflow_catch_the_wave
D:6:      layout_basic, ashenzari_conservatory_becter, gammafunk_ghost_cemetery,
          chequers_ossuary_entry_cave, minmay_misc_feat_room
D:7:      layout_basic, mainiacjoe_overflow_small_starburst, temple_green
D:8:      layout_cave_pools, lemuel_coloured_pillars_altar,
          nicolae_uskayaw_suspiria, mainiacjoe_overflow_concentric_impassable,
          biasface_ghost_orc_armoury, serial_undead, serial_undead_d,
          serial_undead_a, serial_undead_c, serial_undead_f, serial_undead_c,
          serial_undead_f, serial_undead_c, minivault_4, uniq_maurice, uniq_grum

Skill      XL: |  1  2  3  4  5  6  7  8  9 |
---------------+----------------------------+-----
Dodging        | 2 3 4 5 |  5.7
Stealth        | 2 3 4 |  4.3
Spellcasting   | 3 4 5 6 7 |  7.8
Conjurations   | 5 6 7 8 |  8.8
Unarmed Combat | 1 3 |  3.3
Fighting       | 1 2 |  2.4

Action                     |  1- 3 |  4- 6 |  7- 9 || total
---------------------------+-------+-------+-------++-------
  Melee: Unarmed           |     4 |    42 |    63 ||   109
         Tailslap          |     1 |    10 |    11 ||    22
         Punch             |       |       |     1 ||     1
   Cast: Magic Dart        |    52 |    83 |   293 ||   428
         Searing Ray       |     3 |     7 |    66 ||    76
    Use: Scroll            |     4 |     7 |     6 ||    17
         Potion            |       |     1 |     4 ||     5
 Armour: Skin              |     6 |    34 |    78 ||   118
  Dodge: Dodged            |     6 |    51 |   229 ||   286
